 Dungeon Crawl Stone Soup version 0.29.1-15-g9cfb28693d (webtiles) character file.

Game seed: 12660021663939202715

131 booth the Chopper (level 4, 0/34 HPs)
             Began as a Demonspawn Gladiator on Apr 23, 2023.
             Slain by a gnoll
             ... wielding a +0 flail
              (1 damage)
             ... on level 3 of the Dungeon.
             The game lasted 00:11:26 (3101 turns).

booth the Chopper (Demonspawn Gladiator)            Turns: 3101, Time: 00:11:26

Health: 0/34       AC:  3    Str: 17    XL:     4   Next: 91%
Magic:  4/4        EV: 12    Int:  9    God:
Gold:   120        SH:  0    Dex: 14    Spells: 3/3 levels left

rFire   . . .      SeeInvis .   a - +1 war axe
rCold   . . .      Faith    .   (no shield)
rNeg    . . .      Spirit   .   b - +0 leather armour
rPois   .          Reflect  .   (helmet restricted)
rElec   .          Harm     .   (no cloak)
rCorr   .          Rampage  .   (no gloves)
Will    .....                   (no boots)
Stlth   +.........              (no amulet)
HPRegen 0.11/turn               (no ring)
MPRegen 0.18/turn               (no ring)

@: flying (expiring)
A: hooves 1, horns 1, magic regeneration
a: no special abilities


You were on level 3 of the Dungeon.
You visited 1 branch of the dungeon, and saw 3 of its levels.

You collected 120 gold pieces.

Inventory:

Hand Weapons
 a - a +1 war axe (weapon)
 g - a +0 flail
Missiles
 d - 3 throwing nets (quivered)
 e - a javelin
 f - 3 poisoned darts
Armour
 b - a +0 leather armour (worn)
Potions
 h - a potion of berserk rage {unknown}


   Skills:
 + Level 2.8 Fighting
 * Level 3.8 Axes
 + Level 2.5 Throwing
 + Level 3.3 Dodging


You had 3 spell levels left.
You didn't know any spells.
Your spell library was empty.

Dungeon Overview and Level Annotations

Branches:
Dungeon (3/15)

Altars:


Innate Abilities, Weirdness & Mutations

You have large cloven feet.
You have a pair of small horns on your head.
You regenerate magic rapidly.


Message History

There is a stone staircase leading down here.
You fly downwards.
The gnoll shouts! x2
There is a stone staircase leading up here.
There are monsters nearby!
The gnoll shouts! x2
You slash the gnoll! Your kick misses the gnoll.
The gnoll is severely wounded.
The gnoll barely misses you.
You closely miss the gnoll. You kick the gnoll.
You kill the gnoll!
You hit the gnoll. You kick the gnoll.
You headbutt the gnoll, but do no damage.
The gnoll is moderately wounded.
The gnoll hits you with a +0 halberd. The gnoll barely misses you.
Things that are here:
a +0 flail; a gnoll corpse You slash the gnoll!
You kill the gnoll!
You hit the gnoll. The gnoll hits you with a +0 club.
The gnoll hits you with a +0 club! The gnoll hits you with a +0 flail!
You barely miss the gnoll. You kick the gnoll. You headbutt the gnoll.
The gnoll is heavily wounded.
You hit the gnoll. The gnoll misses you. The gnoll barely misses you.
You hit the gnoll.
The gnoll is heavily wounded.
You hit the gnoll.
You kill the gnoll!
The gnoll hits you with a +0 flail!
* * * LOW HITPOINT WARNING * * *
You closely miss the gnoll. You headbutt the gnoll.
The gnoll is severely wounded.
You are starting to lose your buoyancy.
The gnoll hits you with a +0 flail!
* * * LOW HITPOINT WARNING * * *
The gnoll closely misses you.
You barely miss the gnoll. You headbutt the gnoll.
The gnoll is almost dead.
The gnoll hits you with a +0 flail.
You die...

#.#.#
#.#.#
###.#.#
.....#
....#
#..#
#.)######
#.<@g...#
#.#####.#
#. #. #.
#. #. #.


You could see a gnoll.

Vanquished Creatures
  3 gnolls (D:3)
  4 adders (D:2)
  A dart slug (D:2)
  5 orcs (D:2)
  8 endoplasms
  A giant cockroach (D:1)
  2 hobgoblins
  5 jackals
  7 kobolds
  A quokka (D:1)
  8 ball pythons
  4 bats
  3 goblins (D:1)
  7 rats
59 creatures vanquished.

Vanquished Creatures (others)
  7 toadstools (D:1)
7 creatures vanquished.

Grand Total: 66 creatures vanquished

Notes
Turn   | Place    | Note
-------+----------+-------------------------------------------
     0 | D:1      | booth the Demonspawn Gladiator began the quest for the Orb.
     0 | D:1      | Reached XP level 1. HP: 16/16 MP: 1/1
   347 | D:1      | Gained mutation: You regenerate magic rapidly. [demonic
                  | ancestry]
   347 | D:1      | Reached XP level 2. HP: 18/22 MP: 2/2
   895 | D:1      | Discovered your monstrous ancestry.
   895 | D:1      | Gained mutation: You have large cloven feet. [demonic
                  | ancestry]
   895 | D:1      | Reached XP level 3. HP: 28/28 MP: 3/3
  1878 | D:2      | Gained mutation: You have a pair of small horns on your
                  | head. [demonic ancestry]
  1878 | D:2      | Reached XP level 4. HP: 24/34 MP: 4/4
  2550 | D:2      | HP: 1/34 [poisoned by an adder]
  3100 | D:3      | HP: 1/34 [gnoll/+0 flail (9)]
  3101 | D:3      | Slain by a gnoll

Illustrated notes

Levels and vault maps discovered:
D:1:      nagdon_arrival_double_spiral, layout_loops_ring,
          roderic_serpentine_path, minmay_crystal_water
D:2:      layout_basic, kennysheep_generic_room_4
D:3:      layout_loops_ring

Skill      XL: |  1  2 |
---------------+-------+-----
Axes           | 3 |  3.8
Throwing       | 2 |  2.5
Dodging        | 3 |  3.3
Fighting       | |  2.8

Action                   |  1- 3 |  4- 6 || total
-------------------------+-------+-------++-------
Melee: War axe           |   113 |    37 ||   150
       Punch             |     2 |       ||     2
       Kick              |     9 |    11 ||    20
       Headbutt          |       |     9 ||     9
  Use: Scroll            |     3 |     2 ||     5
       Potion            |     2 |     1 ||     3
Armor: Leather armour    |    44 |     8 ||    52
Dodge: Dodged            |    87 |    23 ||   110
